 Dungeon Crawl Stone Soup version 0.31.0-12-g77e489cdc1 (webtiles) character file.

Game seed: 11651337526292597813

14935 sking99 the Grappler (level 11, 0/101 HPs)
             Began as a Grey Draconian Shapeshifter on Feb 20, 2024.
             Was a High Priest of the Shining One.
             Engulfed by an ice statue's freezing vapour (26 damage)
             ... in an ice cave.
             The game lasted 00:25:25 (11797 turns).

sking99 the Grappler (Grey Draconian Shapeshifter) Turns: 11797, Time: 00:25:25

Health: 0/101      AC: 16    Str: 20    XL:     11   Next: 95%
Magic:  15/15      EV: 17    Int: 10    God:    the Shining One [*****.]
Gold:   370        SH:  6    Dex: 12    Spells: 10/10 levels left

rFire   . .          .
                       - Unarmed
rCold   . . .        z - +1 buckler
rNeg    + + .        (body armour unavailable)
rPois   .            (helmet currently unavailable)
rElec   .            (cloak currently unavailable)
rCorr   .            (gloves currently unavailable)
SInv    .            G - melded +2 pair of boots {Stlth+}
Will    .....        v - amulet of the acrobat
Stlth   +            q - +5 ring of evasion
HPRegen 0.36/turn    t - +4 ring of protection
MPRegen 0.14/turn

%: acrobat
@: beast-form, slowed, glowing, very slow
A: beast (slay +4), AC +12, amphibious, unfitting armour, cold-blooded
a: Begin Untransformation, Renounce Religion, Divine Shield, Cleansing Flame,
Summon Divine Warrior


You were in an ice cave.
You worshipped the Shining One.
The Shining One was extremely pleased with you.
You were a hulking beast.
You visited 3 branches of the dungeon, and saw 13 of its levels.
You also visited: Sewer and Ice Cave.

You collected 606 gold pieces.
You spent 236 gold pieces at shops.

Inventory:

Missiles
 e - 46 poisoned darts (quivered)
 j - 5 datura-tipped darts
 C - a throwing net
Armour
 z - a +1 buckler (worn)
 G - a +2 pair of boots of stealth (melded)
 H - a +0 pair of gloves
Jewellery
 f - a +5 ring of evasion
 h - a ring of resist corrosion
 q - a +5 ring of evasion (left hand)
 t - a +4 ring of protection (right hand)
 v - an amulet of the acrobat (around neck)
 y - an amulet of guardian spirit
 B - a +6 ring of intelligence
 E - a ring of poison resistance
 L - an amulet of regeneration
Talismans
 b - a beast talisman (active)
 c - a flux talisman
Wands
 r - a wand of polymorph (6)
 K - a wand of quicksilver (8)
Scrolls
 g - 4 scrolls of fog
 k - a scroll of teleportation
 n - 2 scrolls of blinking
 s - 2 scrolls of immolation {unknown}
 u - 2 scrolls of poison
 w - 2 scrolls of enchant weapon {unknown}
 J - a scroll of vulnerability {unknown}
 M - a scroll of noise {unknown}
 N - 2 scrolls of silence {unknown}
 O - a scroll of torment {unknown}
Potions
 a - 3 potions of lignification
 d - 3 potions of mutation
 i - 2 potions of degeneration
 l - 2 potions of brilliance
 m - 2 potions of might
 o - 2 potions of heal wounds
 p - a potion of magic
 x - 2 potions of ambrosia
 A - a potion of cancellation
 D - 2 potions of enlightenment
 F - a potion of haste
 I - a potion of resistance


   Skills:
 + Level 10.4 Fighting
 + Level 5.7 Throwing
 - Level 4.0 Dodging
 - Level 4.0 Shields
 * Level 13.6 Unarmed Combat
 - Level 6.4 Invocations
 - Level 7.9 Shapeshifting


You had 10 spell levels left.
You didn't know any spells.
Your spell library contained the following spells:

 Spells                   Type           Power      Damage    Failure   Level
 Slow                     Hex            0%         N/A       43%         1
 Ensorcelled Hibernation  Hex/Ice        0%         N/A       56%         2
 Confusing Touch          Hex            0%         N/A       80%         3
 Fugue of the Fallen      Necr           0%         N/A       80%         3
 Inner Flame              Hex/Fire       0%         N/A       80%         3
 Sigil of Binding         Hex            0%         N/A       80%         3
 Vampiric Draining        Necr           0%         2d6       80%         3
 Anguish                  Hex/Necr       0%         N/A       99%         4
 Irradiate                Conj/Alch      0%         3d11      100%        5
 Ignition                 Fire           0%         3d3       100%        8


Dungeon Overview and Level Annotations

Branches:
Dungeon (11/15)            Temple (1/1) D:7            Lair (1/5) D:9
  Sewer (visited)           IceCv (1/1)
    Orc: D:9-12

Altars:
Ashenzari
Cheibriados
Dithmenos
Elyvilon
Fedhas
Gozag
Hepliaklqana
Kikubaaqudgha
Makhleb
Nemelex Xobeh
Okawaru
Qazlal
Ru
Sif Muna
Trog
Uskayaw
Vehumet
Wu Jian
Xom
Yredelemnul
Zin
The Shining One

Shops:
D:3 *   D:4 [   D:6 =   D:7 [

Annotations:
D:9 4 transporters IceCv exclusion: ice statue


Innate Abilities, Weirdness & Mutations

You are a hulking beast.
Your limbs bulge with bestial killing power. (Slay +4)
Your dull iron-grey scales are very hard. (AC +12)
You are amphibious.
You cannot fit into any form of body armour.
You are cold-blooded and may be slowed by cold attacks.


Message History

You start resting.
HP restored.
The ice statue gestures at you. The shard of ice hits you!
You punch the ice statue!
The ice statue is lightly damaged.
The ice statue gestures.
You punch the ice statue!
The ice statue is moderately damaged.
The ice statue gestures at you. The bolt of cold misses you.
You punch the ice statue!
The ice statue is heavily damaged.
The ice beast completely misses you.
You punch the ice statue!
You tail-slap the ice statue, but do no damage.
The ice statue is heavily damaged.
The ice statue gestures at you. The freezing blast misses you.
You block the ice beast's attack.
You hit the ice statue but do no damage.
The ice statue is heavily damaged.
You are engulfed in freezing vapours.
The ice statue gestures.
The ice beast barely misses you.
Unknown command.
You hit the ice statue.
The ice statue is severely damaged.
You are engulfed in freezing vapours.
You feel yourself slow down.
The ice statue gestures.
You punch the ice statue!
The ice statue is severely damaged.
You are engulfed in freezing vapours.
* * * LOW HITPOINT WARNING * * *
The ice beast hits you but does no damage. x2
You hit the ice statue.
You tail-slap the ice statue, but do no damage.
The ice statue is severely damaged.
You are engulfed in freezing vapours.
You feel as though you will be slow longer.
You die...

## .## ##..## .....#
##.....## ##..☼....#
#### #8YY.....#
##..###### ##hY......
#....##..## ###○°☼......
..........###..○........
.∩.∩.......#............
.......##....##.........
#....#####..####........
##..## #### #.........
#### ##........
##......#


You could see an ice statue and 3 ice beasts.

Vanquished Creatures
  Snorg (D:11)
  A two-headed ogre (D:10)
  An ice statue (IceCv)
  A cane toad (Lair:1)
  2 rime drakes
  A komodo dragon (Lair:1)
  Psyche (D:10)
  4 hornets
  A shadow (D:11)
  3 wraiths
  5 wyverns
  20 yaks
  A steam dragon (D:6)
  3 vampire mosquitoes (D:10)
  Menkaure (D:5)
  5 water moccasins
  2 acid dragons (D:10)
  2 orc warriors (D:8)
  A sky beast (D:6)
  2 black bears
  2 ice beasts (D:6)
  An ogre (D:6)
  5 wolves (Lair:1)
  A phantom (D:5)
  A centaur (D:9)
  5 kobold brigands
  2 brain worms (Sewer)
  6 bullfrogs
  3 scorpions (D:5)
  4 wights (D:7)
  12 killer bees
  An electric eel (D:7)
  2 howler monkeys (D:8)
  3 komodo dragon simulacra (IceCv)
  3 orc priests
  3 bombardier beetles
  3 hounds
  2 jellies
  2 gnoll boudas (D:6)
  An iguana (D:5)
  2 sleepcaps
  4 orc wizards
  17 gnolls
  An acid dragon simulacrum (IceCv)
  11 adders
  2 river rats (Sewer)
  2 shadow imps (D:5)
  A white imp (D:5)
  4 ufetubi
  2 steam dragon simulacra (IceCv)
  3 ribbon worms
  7 dart slugs
  45 orcs
  8 endoplasms
  4 giant cockroaches
  6 goblins
  8 hobgoblins
  2 jackals (Sewer)
  A quokka (D:3)
  10 ball pythons
  7 bats
  7 frilled lizards
  21 kobolds
  9 rats
304 creatures vanquished.

Notes
Turn   | Place    | Note
-------+----------+-------------------------------------------
     0 | D:1      | sking99 the Draconian Shapeshifter began the quest for the
                  | Orb.
     0 | D:1      | Reached XP level 1. HP: 16/16 MP: 1/1
   283 | D:1      | Reached XP level 2. HP: 23/23 MP: 2/2
   950 | D:2      | Found a faded altar of an unknown god.
   953 | D:2      | Prayed at the altar of an unknown god.
   953 | D:2      | Became a worshipper of the Shining One
   953 | D:2      | Reached * piety under the Shining One
  1105 | D:2      | Reached XP level 3. HP: 28/29 MP: 3/3
  1382 | D:2      | Reached XP level 4. HP: 35/36 MP: 4/4
  1386 | D:2      | Reached skill level 4 in Unarmed Combat
  1386 | D:2      | Reached skill level 1 in Invocations
  1897 | D:3      | Found a glowing drain.
  1912 | Sewer    | Entered a sewer
  1921 | Sewer    | Reached skill level 1 in Throwing
  1945 | Sewer    | Noticed a kobold brigand
  1974 | Sewer    | Killed a kobold brigand
  1975 | Sewer    | Reached XP level 5. HP: 39/42 MP: 4/6
  2225 | Sewer    | Reached XP level 6. HP: 50/50 MP: 7/7
  2390 | Sewer    | Reached skill level 5 in Unarmed Combat
  2900 | D:3      | Found Yvvyb Zoci's Assorted Antiques.
  2918 | D:3      | Found a white marble altar of Elyvilon.
  3258 | D:3      | Found a sacrificial altar of Ru.
  3470 | D:3      | Reached skill level 9 in Unarmed Combat
  3470 | D:3      | Your scales start taking on a dull iron-grey colour.
  3470 | D:3      | Reached XP level 7. HP: 53/64 MP: 7/11
  3471 | D:3      | Reached skill level 11 in Unarmed Combat
  3471 | D:3      | Reached XP level 8. HP: 62/74 MP: 7/12
  3781 | D:4      | Found Kagocego's Antique Armour Emporium.
  4403 | D:5      | Entered Level 5 of the Dungeon
  4412 | D:5      | Reached ** piety under the Shining One
  4418 | D:5      | Reached XP level 9. HP: 81/81 MP: 13/13
  4429 | D:5      | Found a bloodstained altar of Trog.
  5059 | D:5      | Noticed Menkaure
  5065 | D:5      | Killed Menkaure
  5367 | D:6      | Reached skill level 1 in Shields
  5468 | D:6      | Found Laqin's Jewellery Shoppe.
  5727 | D:6      | Found a broken altar of Ashenzari.
  5970 | D:7      | Reached *** piety under the Shining One
  6011 | D:7      | Found Wiguqem Idekh's Armour Boutique.
  6011 | D:7      | Noticed an animated gold dragon scales
  6014 | D:7      | Noticed an animated plate armour
  6024 | D:7      | Bought a +2 pair of boots of stealth for 236 gold pieces
  6052 | D:7      | Reached XP level 10. HP: 84/90 MP: 14/14
  6110 | D:7      | Found a staircase to the Ecumenical Temple.
  6607 | D:7      | Found a shimmering blue altar of Sif Muna.
  6962 | Temple   | Entered the Ecumenical Temple
  7953 | D:8      | Found a glowing golden altar of the Shining One.
  8124 | D:9      | Reached skill level 12 in Unarmed Combat
  8135 | D:9      | Found a staircase to the Lair.
  8199 | D:9      | Found a hazy altar of Hepliaklqana.
  8597 | D:9      | Found a transporter.
  8723 | D:9      | Found a transporter.
  8742 | D:9      | Found a transporter.
  8758 | D:9      | Found a transporter.
  8830 | D:10     | Entered Level 10 of the Dungeon
  8830 | D:10     | Reached **** piety under the Shining One
  8857 | D:10     | Noticed a two-headed ogre
  8867 | D:10     | Killed a two-headed ogre
  8868 | D:10     | Reached XP level 11. HP: 75/97 MP: 15/15
  8945 | D:10     | Found a shimmering altar of Xom.
  9435 | D:10     | Noticed Psyche
  9439 | D:10     | Killed Psyche
 10031 | D:11     | Noticed Snorg
 10050 | D:11     | Killed Snorg
 10277 | D:11     | Identified the +5 quarterstaff of Gesi {speed, rC+ rN+}
 10485 | D:11     | Reached skill level 13 in Unarmed Combat
 10490 | D:11     | Reached skill level 5 in Throwing
 10493 | D:11     | Reached skill level 10 in Fighting
 10530 | D:11     | Found a shimmering altar of Xom.
 10690 | D:11     | Found a shimmering altar of Xom.
 10771 | Lair:1   | Entered Level 1 of the Lair of Beasts
 10991 | Lair:1   | Reached ***** piety under the Shining One
 11260 | Lair:1   | Found a frozen archway.
 11269 | IceCv    | Entered an ice cave
 11797 | IceCv    | Engulfed by an ice statue's freezing vapour

Illustrated notes

Levels and vault maps discovered:
D:1:      amcnicky_arrival_blooded_trapdoor, layout_loops_corners
D:2:      layout_basic, nicolae_ecumenical_pavilion, serial_bayou_pond_a,
          nicolae_elevator_lobby_plus
D:3:      minmay_chambers_of_threes, layout_loops_cross,
          mainiacjoe_overflow_alcove_1, lemuel_doored_altar,
          cheibrodos_sewer_entry_bend, serial_shops, shop,
          minmay_fractal_squares_5
D:4:      layout_gridville, serial_shops, nicolae_shop_tiny_waterfront
D:5:      layout_cave_pods, general_overflow_altar, uniq_menkaure
D:6:      layout_rooms, evilmike_ruin_ashenzari, serial_shops,
          nicolae_shop_window_shopping, corner_web_ring
D:7:      layout_gridville, mainiacjoe_overflow_small_starburst,
          minmay_temple_entry_gardened_gates, serial_shops,
          nicolae_shop_mannequins, amcnicky_mini_pool_medium
D:8:      layout_basic, tso_oasis_becter
D:9:      layout_cave_pools, nzn_hepliaklqana_mist_gate, lair_entry_dummy,
          nicolae_diode_intersection
D:10:     layout_loops_cross, mainiacjoe_overflow_concentric_impassable,
          nicolae_tricolors, uniq_psyche
D:11:     layout_loops_ring, xom_shifter_show, uniq_snorg
Temple:   nicolae_temple_ecumenical_triangle
Lair:1:   layout_chaotic_city, portal_ice_cave_entry_pillars_2
IceCv:    ice_cave_small_dragons

Skill      XL: |  1  2  3  4  5  6  7  8  9 10 11 |
---------------+----------------------------------+-----
Fighting       | 2 6 8 9 10 | 10.4
Unarmed Combat | 4 9 11 12 13 | 13.6
Invocations    | 1 2 6 |  6.4
Throwing       | 1 2 3 4 5 |  5.7
Shapeshifting  | 6 7 |  7.9
Dodging        | 4 |  4.0
Shields        | 1 3 4 |  4.0

Action                     |  1- 3 |  4- 6 |  7- 9 | 10-12 || total
---------------------------+-------+-------+-------+-------++-------
  Melee: Unarmed           |    78 |   136 |   174 |   440 ||   828
         Tailslap          |    10 |    17 |    22 |    94 ||   143
         Punch             |     2 |     3 |     6 |       ||    11
  Throw: Dart              |       |     4 |       |       ||     4
Ability: Begin Untransform |       |       |     1 |     1 ||     2
    Use: Scroll            |       |     8 |     4 |     6 ||    18
         Potion            |       |     1 |     1 |     1 ||     3
   Stab: Sleeping          |     1 |       |       |       ||     1
 Armour: Skin              |    27 |    43 |    43 |   207 ||   320
  Dodge: Dodged            |    56 |    96 |   139 |   324 ||   615
  Block: Buckler           |       |       |    18 |    89 ||   107
   Form: Beast             |     1 |       |     1 |     1 ||     3
                           |       |       |       |     1 ||     1
         Flux              |       |       |       |     1 ||     1
